Map: Pillars of Gold LE

Players

ShoWTimE

  • Race: Protoss Protoss
  • League: Master
  • Spawn Location: 7:00

Serral - Winner!

  • Race: Zerg Zerg
  • League: Grandmaster
  • Spawn Location: 1:00

Event: ASUS ROG Online 2020

VOD

https://youtu.be/_tKrxlE21ps

Description

Time

  • Played on: Nov. 28, 2020, 2:23 p.m.
  • Length: 8:04

All games in this series

Show
View Real Time Build Order
Export as new Build Order

ShoWTimE Protoss 

Build Orders: 1 Gate Expand 

Get SALT Encoding   

  12  0:00  Probe  
  13  0:12  Probe  
  14  0:19  Pylon  
  14  0:24  Probe  
  15  0:37  Probe (Chrono Boost)  
  15  0:40  Gateway  
  16  0:47  Assimilator, Probe (Chrono Boost)  
  17  0:52  Probe (Chrono Boost)  
  18  1:04  Probe  
  19  1:16  Probe  
  20  1:27  Nexus  
  20  1:30  Probe  
  21  1:40  Cybernetics Core  
  21  1:45  Assimilator  
  21  1:49  Probe  
  22  1:56  Pylon  
  23  2:01  Probe  
  23  2:14  Adept (Chrono Boost), Probe (Chrono Boost)  
  24  2:20  Stargate  
  26  2:25  Probe (Chrono Boost)  
  26  2:28  Warp Gate  
  26  2:29  Probe (Chrono Boost)  
  28  2:37  Adept  
  28  2:40  Probe (Chrono Boost)  
  32  2:49  Probe x2 (Chrono Boost)  
  33  2:55  Void Ray (Chrono Boost), Probe x2  
  39  3:07  Probe x2  
  39  3:12  Pylon  
  41  3:19  Probe  
  42  3:20  Probe  
  43  3:27  Gateway  
  43  3:31  Probe  
  47  3:37  Twilight Council  
  47  3:38  Probe  
  47  3:41  Gateway  
  45  3:43  Probe  
  46  3:49  Gateway  
  46  3:50  Probe  
  47  3:55  Probe  
  47  3:57  Gateway  
  47  4:00  Assimilator  
  48  4:05  Pylon, Probe  
  48  4:08  Probe  
  48  4:09  Resonating Glaives (Chrono Boost)  
  50  4:18  Adept  
  50  4:22  Adept  
  50  4:23  Pylon  
  54  4:38  Robotics Facility  
  54  4:43  Adept x2  
  54  4:44  Adept x2  
  62  4:50  Adept  
  64  4:52  Pylon  
  64  5:04  Adept x3  
  70  5:08  Pylon  
  70  5:11  Adept x2  
  74  5:14  Probe x2  
  74  5:16  Assimilator  
  76  5:26  Immortal (Chrono Boost), Probe  
  75  5:38  Adept x5  
  81  5:46  Pylon  
  81  5:54  Gateway  
  81  5:57  Gateway  
  81  5:58  Immortal (Chrono Boost)  
  85  6:10  Pylon  
  85  6:13  Sentry  
  85  6:14  Sentry x3  
  85  6:17  Gateway  
  93  6:26  Immortal (Chrono Boost)  
  97  6:39  Sentry x2  
  101  6:46  Pylon  
  101  6:48  Pylon  
  101  6:49  Pylon  
  101  7:01  Warp Prism (Chrono Boost), Pylon  
  101  7:04  Adept  
  101  7:08  Stalker x3  
  105  7:18  Adept  
  95  7:29  Adept x4  
  87  7:35  Adept x2  
  81  7:43  Adept x2  
  83  7:51  Adept x4  
Show
View Real Time Build Order
Export as new Build Order

Serral Zerg - Winner!

Build Orders: Hatch First 

Get SALT Encoding   

  12  0:00  Drone  
  13  0:12  Overlord  
  13  0:17  Drone  
  14  0:31  Drone x2  
  16  0:50  Hatchery  
  16  0:53  Drone  
  16  0:56  Drone  
  17  1:00  Drone  
  18  1:10  Extractor  
  17  1:16  Spawning Pool  
  16  1:19  Drone  
  16  1:22  Drone  
  18  1:28  Drone  
  19  1:39  Drone  
  20  1:49  Overlord  
  20  2:02  Queen x2  
  20  2:03  Zergling x4  
  26  2:11  Drone  
  26  2:12  Drone  
  26  2:15  Metabolic Boost  
  28  2:21  Drone  
  29  2:23  Drone  
  30  2:39  Hatchery  
  30  2:42  Drone  
  30  2:44  Drone  
  31  2:50  Queen  
  33  2:55  Overlord  
  33  2:58  Drone  
  33  3:01  Drone  
  33  3:03  Drone  
  36  3:14  Drone x4  
  36  3:16  Overlord  
  40  3:22  Drone x2  
  42  3:27  Queen  
  42  3:29  Overlord  
  43  3:34  Overlord  
  43  3:42  Drone x2  
  43  3:43  Drone  
  46  3:48  Drone  
  46  3:49  Drone  
  46  3:50  Drone  
  46  3:51  Queen  
  46  3:53  Zergling x4  
  53  3:59  Zergling x2  
  53  4:00  Spore Crawler x2  
  53  4:02  Drone  
  53  4:04  Drone  
  53  4:06  Drone  
  53  4:07  Drone  
  56  4:11  Drone  
  56  4:12  Drone  
  56  4:13  Drone  
  56  4:14  Zergling x2  
  56  4:17  Overlord  
  60  4:18  Drone  
  61  4:24  Drone  
  61  4:26  Roach Warren  
  61  4:29  Lair  
  61  4:31  Extractor  
  61  4:32  Drone  
  61  4:33  Drone  
  61  4:36  Drone x2  
  64  4:40  Extractor, Drone  
  64  4:43  Evolution Chamber  
  64  4:44  Zergling x2  
  64  4:45  Overlord  
  64  4:47  Drone x2  
  64  4:49  Overlord  
  66  4:53  Overlord  
  66  4:56  Zergling x2  
  66  5:05  Spore Crawler  
  66  5:06  Overlord  
  65  5:07  Roach x4  
  65  5:12  Roach x3  
  79  5:17  Roach  
  79  5:18  Roach x2  
  84  5:23  Zergling x6  
  84  5:28  Evolution Chamber  
  84  5:29  Glial Reconstitution  
  84  5:33  Zergling x4  
  84  5:38  Evolution Chamber  
  84  5:40  Zergling x8  
  84  5:53  Overlord, Extractor  
  84  5:56  Roach x2  
  84  5:57  Roach x2  
  89  6:02  Roach x2  
  89  6:03  Roach  
  95  6:05  Evolution Chamber  
  95  6:14  Overlord x2  
  95  6:15  Roach x2  
  95  6:16  Overlord  
  99  6:19  Overlord  
  99  6:22  Ravager x2  
  99  6:23  Ravager  
  99  6:24  Evolution Chamber  
  101  6:26  Roach x2  
  106  6:32  Overlord  
  106  6:35  Zergling x2, Roach x3  
  112  6:41  Ravager  
  112  6:43  Extractor  
  112  6:44  Drone x3  
  112  6:45  Zergling x2  
  112  6:46  Zergling x2  
  116  6:48  Ravager  
  113  6:58  Zergling x10, Roach x2  
  120  7:02  Ravager  
  120  7:07  Ravager  
  120  7:08  Zergling x6, Roach  
  122  7:18  Zergling x4, Roach x3  
  122  7:21  Ravager  
  121  7:23  Evolution Chamber  
  115  7:33  Zergling x16  
  115  7:36  Roach x2  
  118  7:41  Ravager x2  
  118  7:43  Ravager  
  118  7:46  Zergling x2  
  118  7:47  Zergling x2  
Tags
 
Add a new tag
Caveats
  • Supply blocks, unpowered buildings, or Contaminate may cause inaccurate times.
  • Supply counts are checked every 10 seconds.